 Dungeon Crawl Stone Soup version 0.31-a0-1338-gb567cfdca4 (webtiles) character file.

Game seed: 11091793267947950118

1393 CowFu the Chucker (level 8, 0/50 (61) HPs)
             Began as a Gnoll Wanderer on Dec 22, 2023.
             Was a Believer of the Shining One.
             Slain by Duvessa
             ... wielding a +1 short sword of draining
              (1 damage)
             ... on level 6 of the Dungeon.
             The game lasted 00:08:50 (4830 turns).

CowFu the Chucker (Gnoll Wanderer)                  Turns: 4830, Time: 00:08:50

HP:   0/50 (61)     AC:  4    Str: 13    XL:     8   Next: 68%
MP:   12/15         EV: 12    Int: 16    God:    the Shining One [**....]
Gold: 263           SH:  0    Dex: 10    Spells: 13/16 levels left

rFire   . . .        p - +7 spear of Uskayaw's Envy {venom, rPois rC+ Int+2}
rCold   + . .        (no shield)
rNeg    + . .        e - +2 animal skin
rPois   +            (helmet currently unavailable)
rElec   .            (cloak currently unavailable)
rCorr   .            (gloves currently unavailable)
SInv    .            (boots currently unavailable)
Will    .....        (no amulet)
Stlth   +            (no ring)
HPRegen 0.28/turn    (no ring)
MPRegen 0.14/turn

%: no passive effects
@: beast-form, weak-willed, glowing, heavily drained
A: beast (slay +1), fangs 1, strong nose, distributed training, wild magic 1,
MP-powered wands, sturdy frame 1
a: Begin Untransformation, Renounce Religion, Divine Shield


You were on level 6 of the Dungeon.
You worshipped the Shining One.
The Shining One was pleased with you.
You were a hulking beast.
You visited 1 branch of the dungeon, and saw 6 of its levels.

You collected 263 gold pieces.

Inventory:

Hand Weapons
 p - the +7 spear of Uskayaw's Envy (weapon) {venom, rPois rC+ Int+2}
   (You found it on level 3 of the Dungeon)

   Int+2:     It affects your intelligence (+2).
   rC+:       It protects you from cold.
   rPois:     It protects you from poison
Missiles
 b - 16 boomerangs (quivered)
 g - 8 poisoned darts
Armour
 e - a +2 animal skin (worn)
 o - a +0 robe of cold resistance
Jewellery
 m - an amulet of magic regeneration
 q - a +6 ring of intelligence
Talismans
 j - a beast talisman (active)
Wands
 a - a wand of flame (53)
 s - a wand of digging (3)
Scrolls
 d - a scroll of fog
 f - a scroll of amnesia
 h - a scroll of enchant armour {unknown}
 r - 3 scrolls of immolation
Potions
 c - 3 potions of attraction
 k - 3 potions of lignification
 v - a potion of magic


   Skills:
 + Level 4.5 Fighting
 + Level 3.6 Short Blades
 + Level 3.6 Long Blades
 + Level 3.6 Axes
 + Level 3.6 Maces & Flails
 + Level 3.6 Polearms
 + Level 3.6 Staves
 + Level 3.6 Ranged Weapons
 + Level 7.5 Throwing
 + Level 3.6 Armour
 + Level 3.6 Dodging
 + Level 4.4 Stealth
 + Level 3.6 Shields
 + Level 3.6 Unarmed Combat
 + Level 4.6 Spellcasting
 + Level 3.0 Conjurations
 + Level 6.3 Hexes
 + Level 3.0 Summonings
 + Level 3.0 Necromancy
 + Level 3.0 Translocations
 + Level 3.0 Fire Magic
 + Level 3.0 Ice Magic
 + Level 3.0 Air Magic
 + Level 3.0 Earth Magic
 + Level 3.0 Alchemy
 + Level 4.0 Invocations
 + Level 4.5 Evocations
 + Level 3.3 Shapeshifting


You had 13 spell levels left.
You knew the following spells:

 Your Spells              Type           Power      Damage    Failure   Level
a - Slow                  Hex            100%       N/A       2%          1
b - Jinxbite              Hex            62%        N/A       3%          2

Your spell library contained the following spells:

 Spells                   Type           Power      Damage    Failure   Level
 Tukima's Dance           Hex            31%        N/A       6%          3
 Apportation              Tloc           34%        N/A       8%          1
 Summon Small Mammal      Summ           68%        N/A       8%          1
 Summon Guardian Golem    Hex/Summ       24%        N/A       11%         3
 Call Canine Familiar     Summ           17%        N/A       21%         3
 Alistair's Intoxication  Alch           11%        N/A       83%         5


Dungeon Overview and Level Annotations

Branches:
Dungeon (6/15)
 Temple: D:4-7

Altars:
Ashenzari
Fedhas
Hepliaklqana
Nemelex Xobeh
Qazlal
Ru
Sif Muna
Trog
The Shining One

Shops:
D:1 [   D:3 [

Annotations:
D:4 2 transporters, grandjackal's ghost, amateur OnWr
D:6 Duvessa


Innate Abilities, Weirdness & Mutations

You are a hulking beast.
Your limbs bulge with bestial killing power. (Slay +1)
You have very sharp teeth.
Your uncanny sense of smell can sniff out nearby items.
Your experience applies equally to all skills.
Your spells are a little harder to cast, but a little more powerful.
You expend magic power (3 MP) to strengthen your wands.
Your movements are slightly less encumbered by armour. (ER -2)


Message History

Duvessa hits you with a +1 short sword of draining!
You partially resist.
You feel drained.
Duvessa hits you with a +1 short sword of draining!
You partially resist.
You feel drained.
You are too injured to fight recklessly!
You are too injured to fight recklessly!
You are too injured to fight recklessly!
You completely miss Duvessa.
Duvessa is heavily wounded.
Duvessa hits you with a +1 short sword of draining!
* * * LOW HITPOINT WARNING * * *
You partially resist.
You feel drained.
You barely miss Duvessa. You punch Duvessa.
Duvessa is heavily wounded.
A giggling sprite leaps out and smacks Duvessa with her own hand.
Duvessa is heavily wounded.
Duvessa hits you with a +1 short sword of draining!
* * * LOW HITPOINT WARNING * * *
You partially resist.
You feel drained.
* * * LOW HITPOINT WARNING * * *
Duvessa hits you but does no damage. You partially resist.
You feel better. Duvessa hits you but does no damage. You partially resist.
You hit Duvessa.
Duvessa is poisoned.
Duvessa is severely wounded.
Duvessa hits you with a +1 short sword of draining.
* * * LOW HITPOINT WARNING * * *
You partially resist.
You feel drained.
You hit Duvessa.
Duvessa looks as sick as possible!
Duvessa is severely wounded.
A giggling sprite leaps out and insults Duvessa's ancestors.
Duvessa is severely wounded.
The jinxing sprites lose interest in you.
Duvessa barely misses you. Duvessa hits you but does no damage.
You partially resist.
You puncture Duvessa!
Duvessa looks as sick as possible!
Duvessa is almost dead.
Duvessa hits you with a +1 short sword of draining!
* * * LOW HITPOINT WARNING * * *
You partially resist.
You feel drained.
You die...

#.......... #...#
..........# #...## #
#.......)..# ##....#
# #.........##
##.....# ##
#..........#
##......# ###. ∆
#.#####...>...###...
#...##........##....
##<.e................
#...h................
#............######..
#..........### ##.
#...........# ##
#.........)##
#.........##
#....###..# ....#
#.## .... ..#


You could see Duvessa (berserk, fast, extremely poisoned, very drained).

Vanquished Creatures
  Sigmund (D:3)
  A black bear (D:5)
  2 ice beasts (D:5)
  An orc warrior (D:6)
  An ogre (D:5)
  2 scorpions (D:6)
  Dowan (D:6)
  A howler monkey (D:6)
  2 hounds (D:5)
  A gnoll bouda (D:5)
  A jelly (D:4)
  3 iguanas
  3 orc wizards
  Robin (D:3)
  5 gnolls (D:5)
  12 adders
  A white imp (D:5)
  3 bombardier beetles
  2 worms
  A dart slug (D:1)
  12 orcs
  3 bats
  10 endoplasms
  A giant cockroach (D:1)
  12 goblins
  9 hobgoblins
  6 quokkas
  9 frilled lizards (D:3)
  4 kobolds
  4 rats (D:1)
115 creatures vanquished.

Notes
Turn   | Place    | Note
-------+----------+-------------------------------------------
     0 | D:1      | CowFu the Gnoll Wanderer began the quest for the Orb.
     0 | D:1      | CowFu set off with the following items: a +0 dagger, 9
                  | boomerangs, a potion of attraction, a scroll of fog, a +0
                  | robe; and the following spell memorised: Slow; and the
                  | following spells available to memorise: Jinxbite, Tukima's
                  | Dance.
     0 | D:1      | Reached XP level 1. HP: 17/17 MP: 4/4
   139 | D:1      | Found a faded altar of an unknown god.
   148 | D:1      | Prayed at the altar of an unknown god.
   148 | D:1      | Became a worshipper of the Shining One
   148 | D:1      | Reached * piety under the Shining One
   152 | D:1      | Reached XP level 2. HP: 23/23 MP: 5/5
   233 | D:1      | Found Luipiwn's Armour Shoppe.
   824 | D:1      | Learned a level 2 spell: Jinxbite
   851 | D:2      | Reached XP level 3. HP: 18/28 MP: 4/7
   911 | D:2      | Reached skill level 1 in Invocations
  1281 | D:2      | Reached skill level 1 in Short Blades
  1281 | D:2      | Reached skill level 1 in Long Blades
  1281 | D:2      | Reached skill level 1 in Axes
  1281 | D:2      | Reached skill level 1 in Maces & Flails
  1281 | D:2      | Reached skill level 1 in Polearms
  1281 | D:2      | Reached skill level 1 in Staves
  1281 | D:2      | Reached skill level 1 in Ranged Weapons
  1281 | D:2      | Reached skill level 1 in Armour
  1281 | D:2      | Reached skill level 1 in Dodging
  1281 | D:2      | Reached skill level 1 in Shields
  1281 | D:2      | Reached skill level 1 in Unarmed Combat
  1553 | D:3      | Found Pugo Yqamui's Antique Armour Shoppe.
  1571 | D:3      | Reached skill level 1 in Shapeshifting
  1571 | D:3      | Reached XP level 4. HP: 34/34 MP: 6/8
  1604 | D:3      | Noticed Sigmund
  1610 | D:3      | Killed Sigmund
  1611 | D:3      | Reached skill level 1 in Conjurations
  1611 | D:3      | Reached skill level 1 in Summonings
  1611 | D:3      | Reached skill level 1 in Necromancy
  1611 | D:3      | Reached skill level 1 in Translocations
  1611 | D:3      | Reached skill level 1 in Fire Magic
  1611 | D:3      | Reached skill level 1 in Ice Magic
  1611 | D:3      | Reached skill level 1 in Air Magic
  1611 | D:3      | Reached skill level 1 in Earth Magic
  1611 | D:3      | Reached skill level 1 in Alchemy
  1611 | D:3      | Reached XP level 5. HP: 25/41 MP: 7/10
  1611 | D:3      | Reached XP level 6. HP: 29/47 MP: 7/11
  1760 | D:3      | Identified the +7 spear of Uskayaw's Envy {venom, rPois rC+
                  | Int+2}
  1960 | D:3      | Noticed Robin
  1978 | D:3      | Killed Robin
  2201 | D:3      | Reached ** piety under the Shining One
  2438 | D:4      | Found a sparkling altar of Nemelex Xobeh.
  2631 | D:4      | Noticed grandjackal's ghost (amateur OnWr)
  2632 | D:4      | Found a transporter.
  2637 | D:4      | Found a transporter.
  2850 | D:5      | Entered Level 5 of the Dungeon
  2952 | D:5      | Reached XP level 7. HP: 49/52 MP: 12/12
  3031 | D:5      | Reached skill level 7 in Throwing
  3132 | D:5      | Gained mutation: You expend magic power (3 MP) to
                  | strengthen your wands. [potion of mutation]
  3132 | D:5      | Gained mutation: Your spells are a little harder to cast,
                  | but a little more powerful. [potion of mutation]
  3132 | D:5      | Gained mutation: Your movements are slightly less
                  | encumbered by armour. (ER -2) [potion of mutation]
  3152 | D:5      | HP: 2/79 [gnoll/+0 flail[a gnoll bouda] (9)]
  3395 | D:5      | Found a shimmering blue altar of Sif Muna.
  3401 | D:5      | Found a bloodstained altar of Trog.
  3913 | D:5      | Reached XP level 8. HP: 60/60 MP: 14/14
  3954 | D:5      | Found a hazy altar of Hepliaklqana.
  3958 | D:5      | Found a sacrificial altar of Ru.
  3961 | D:5      | Found a broken altar of Ashenzari.
  3961 | D:5      | Found a blossoming altar of Fedhas.
  3969 | D:5      | Found a stormy altar of Qazlal.
  4804 | D:6      | Identified the +1 short sword of Duget {heavy, rPois rF+
                  | Int-5}
  4811 | D:6      | Noticed Dowan
  4813 | D:6      | Noticed Duvessa
  4816 | D:6      | Killed Dowan
  4826 | D:6      | HP: 2/54 [Duvessa/+1 short sword of draining (9)]
  4830 | D:6      | Slain by Duvessa

Illustrated notes

Levels and vault maps discovered:
D:1:      dpeg_arrival_renting, layout_loops_ring, serial_shops, shop_fountains,
          ebering_ecumenical_altar_mist, minmay_misc_feat_roman,
          corexii_corridor_pit
D:2:      minmay_spotlight, layout_rooms, roderic_filled_cross
D:3:      layout_basic, serial_shops, shop, amcnicky_mini_corridor_feature,
          minmay_lizard_king, uniq_robin, uniq_sigmund
D:4:      layout_cave_pools, nemelex_xobeh_ov_fountains_minmay,
          gammafunk_ghost_smash
D:5:      layout_basic, hellmonk_overflow_destroyed_library,
          nicolae_overflow_hallway_of_the_gods
D:6:      layout_cave_pods, uniq_duvessa

Skill      XL: |  1  2  3  4  5  6  7  8 |
---------------+-------------------------+-----
Invocations    | 1 2 3 4 |  4.0
Short Blades   | 1 2 3 |  3.6
Long Blades    | 1 2 3 |  3.6
Axes           | 1 2 3 |  3.6
Maces & Flails | 1 2 3 |  3.6
Polearms       | 1 2 3 |  3.6
Staves         | 1 2 3 |  3.6
Ranged Weapons | 1 2 3 |  3.6
Armour         | 1 2 3 |  3.6
Dodging        | 1 2 3 |  3.6
Shields        | 1 2 3 |  3.6
Unarmed Combat | 1 2 3 |  3.6
Spellcasting   | 3 4 |  4.6
Shapeshifting  | 1 2 3 |  3.3
Fighting       | 3 4 |  4.5
Stealth        | 3 4 |  4.4
Conjurations   | 1 2 3 |  3.0
Summonings     | 1 2 3 |  3.0
Necromancy     | 1 2 3 |  3.0
Translocations | 1 2 3 |  3.0
Fire Magic     | 1 2 3 |  3.0
Ice Magic      | 1 2 3 |  3.0
Air Magic      | 1 2 3 |  3.0
Earth Magic    | 1 2 3 |  3.0
Alchemy        | 1 2 3 |  3.0
Evocations     | 3 4 |  4.5
Throwing       | 7 |  7.5
Hexes          | 6 |  6.3

Action                     |  1- 3 |  4- 6 |  7- 9 || total
---------------------------+-------+-------+-------++-------
  Melee: Dagger            |    39 |       |       ||    39
         Bite              |     5 |     4 |    19 ||    28
         Spear             |       |    78 |   105 ||   183
         Punch             |       |     1 |     3 ||     4
  Throw: Boomerang         |    44 |    11 |    10 ||    65
   Cast: Slow              |    11 |     8 |     5 ||    24
         Jinxbite          |     4 |     1 |     8 ||    13
 Invoke: Divine Shield     |       |       |     1 ||     1
    Use: Potion            |       |       |     6 ||     6
         Scroll            |       |       |     5 ||     5
 Armour: Robe              |    26 |    18 |       ||    44
         Animal skin       |       |    14 |    48 ||    62
         Skin              |       |       |     9 ||     9
  Dodge: Dodged            |    30 |    25 |    36 ||    91
  Block: Other             |       |       |     2 ||     2
   Form: Beast             |       |     1 |       ||     1

Table legend: (Time is in decaauts)
 A = Elapsed time spent in this place.
 B = Non-inter-level travel time spent in this place.
 C = Inter-level travel time spent in this place.
 D = Time resting spent in this place.
 E = Time spent auto-exploring this place.
 F = Levels seen in this place.
 G = Mean time per level.
                   A        B        C        D        E       F      G
               +--------+--------+--------+--------+--------+-----+--------+
         Total |   4823 |   4512 |    311 |      0 |   3776 |   6 |  803.8 |
       Dungeon |   4823 |   4512 |    311 |      0 |   3776 |   6 |  803.8 |
               +--------+--------+--------+--------+--------+-----+--------+

Top non-repeatable levels by time:
     D:5: 1317 daAuts
     D:3: 881 daAuts
     D:1: 844 daAuts
     D:2: 686 daAuts
     D:6: 567 daAuts
     D:4: 527 daAuts
